 Dungeon Crawl Stone Soup version 0.27.1-33-g824d729ab1 (webtiles) character file.

Game seed: 5691090110815762691

139726 Sharkman1231 the Black Belt (level 16, -6/122 HPs)
             Began as a Demonspawn Delver on Dec 19, 2021.
             Was the Champion of Okawaru.
             Mangled by a fire elemental (7 damage)
             ... summoned by a deep elf pyromancer
             ... on level 2 of the Elven Halls.
             The game lasted 00:51:17 (38574 turns).

Sharkman1231 the Black Belt (Demonspawn Delver)    Turns: 38574, Time: 00:51:17

Health: -6/122     AC: 10    Str:  8    XL:     16   Next: 74%
Magic:  0/25       EV: 16    Int: 22    God:    Okawaru [******]
Gold:   3179       SH:  6    Dex: 20    Spells: 22/27 levels left

rFire    . . .     SeeInvis .     - Unarmed
rCold    + . .     Faith    .   Q - +0 buckler
rNeg     . . .     Spirit   +   M - +0 acid dragon scales
rPois    +         Reflect  .   (helmet unavailable)
rElec    .         Harm     .   R - +0 cloak {Will+}
rCorr    +         Rampage  .   (gloves unavailable)
Will     ++...                  i - +0 pair of boots
Stlth    ++++......             K - amulet of guardian spirit
HPRegen  0.30/turn              V - ring of Nenibina {Wiz rC+ Str-5 Dex+3 Slay+5}
MPRegen  0.19/turn              J - ring "Deorur" {rPois Int+6}

@: mighty, studying Shields
A: claws 3, horns 3, talons 1, ignite blood 2, powered by pain 1
a: Renounce Religion, Heroism, Finesse


You were on level 2 of the Elven Halls.
You worshipped Okawaru.
Okawaru was exalted by your worship.
You visited 5 branches of the dungeon, and saw 26 of its levels.
You also visited: Bailey and Gauntlet.

You collected 3519 gold pieces.
You spent 340 gold pieces at shops.

Inventory:

Hand Weapons
 a - a +9 quick blade
 Z - a +4 scimitar of flaming
Missiles
 j - 36 boomerangs (quivered)
 C - 3 curare-tipped darts
 H - a throwing net
Armour
 f - a +4 scale mail of willpower
 i - a +0 pair of boots (worn)
 q - a +1 troll leather armour {Snorg}
 M - +0 acid dragon scales (worn)
 Q - a +0 buckler (worn)
 R - a +0 cloak of willpower (worn)
Jewellery
 n - the ring of Rollo {Will+ rCorr}
   (You acquired it on level 2 of the Dungeon)

   [ring of resist corrosion]

   rCorr:     It protects you from acid and corrosion.
   Will:      It increases your willpower.
 A - a +4 ring of protection
 J - the ring "Deorur" (right claw) {rPois Int+6}
   (You acquired it on level 11 of the Dungeon)

   [ring of intelligence]

   Int:       It affects your intelligence (+6).
   rPois:     It protects you from poison.
 K - an amulet of guardian spirit (around neck)
 T - a ring of positive energy
 V - the ring of Nenibina (left claw) {Wiz rC+ Str-5 Dex+3 Slay+5}
   (You found it on level 6 of the Lair of Beasts)

   [ring of wizardry]

   It improves your spell success rate.
   Str:       It affects your strength (-5).
   Dex:       It affects your dexterity (+3).
   Slay:      It affects your accuracy & damage with ranged weapons and melee
   (+5).
   rC:        It protects you from cold.
 X - the ring "Muakafid" {Fly Will+}
   (You found it on level 4 of the Lair of Beasts)

   [ring of flight]

   Fly:       It grants you flight.
   Will:      It increases your willpower.
Wands
 g - a wand of digging (3)
 o - a wand of mindburst (1)
 t - a wand of iceblast (30)
 u - a wand of charming (14)
 y - a wand of acid (18)
 N - a wand of polymorph (16)
 S - a wand of flame (68)
Scrolls
 c - 4 scrolls of fog
 d - 3 scrolls of magic mapping
 e - a scroll of fear
 k - 8 scrolls of enchant armour
 m - 5 scrolls of amnesia
 r - 2 scrolls of torment
 D - 3 scrolls of identify
 E - 6 scrolls of teleportation
 F - a scroll of immolation
 G - 3 scrolls of vulnerability
 O - 3 scrolls of holy word
Potions
 b - 3 potions of magic
 h - 6 potions of attraction
 l - 4 potions of might
 p - 4 potions of flight
 s - 2 potions of cancellation
 v - 4 potions of mutation
 w - 5 potions of lignification
 x - a potion of heal wounds
 z - 2 potions of brilliance
 I - 2 potions of invisibility
 P - 4 potions of curing
 U - 3 potions of haste
 W - a potion of ambrosia
 Y - 3 potions of resistance


   Skills:
 - Level 10.0 Fighting
 - Level 6.1 Short Blades
 - Level 1.8 Maces & Flails
 - Level 6.0 Armour
 - Level 8.0 Dodging
 - Level 10.0 Stealth
 + Level 7.0 Shields
 + Level 18.8 Unarmed Combat
 - Level 6.0 Spellcasting
 + Level 9.0 Transmutations
 - Level 8.0 Invocations
 - Level 6.0 Evocations


You had 22 spell levels left.
You knew the following spells:

 Your Spells              Type           Power      Damage    Failure   Level
a - Blade Hands           Tmut           23%        N/A       4%          5

Your spell library contained the following spells:

 Spells                   Type           Power      Damage    Failure   Level
 Spider Form              Tmut/Pois      13%        N/A       2%          3
 Corona                   Hex            6%         N/A       6%          1
 Pain                     Necr           24%        1d5       6%          1
 Shock                    Conj/Air       24%        1d4       6%          1
 Ensorcelled Hibernation  Hex/Ice        12%        N/A       9%          2
 Sublimation of Blood     Necr           3%         N/A       9%          2
 Ice Form                 Ice/Tmut       26%        N/A       9%          4
 Petrify                  Tmut/Erth      26%        N/A       9%          4
 Call Canine Familiar     Summ           6%         N/A       17%         3
 Frozen Ramparts          Ice            12%        1d3       17%         3
 Inner Flame              Hex/Fire       6%         N/A       17%         3
 Ozocubu's Armour         Ice            6%         N/A       17%         3
 Swiftness                Air            6%         N/A       17%         3
 Tukima's Dance           Hex            6%         N/A       17%         3
 Irradiate                Conj/Tmut      13%        3d18      26%         5
 Yara's Violent Unravell  Hex/Tmut       13%        3d7       26%         5
 Airstrike                Air            3%         N/A       47%         4
 Animate Armour           Summ/Erth      12%        N/A       47%         4
 Cause Fear               Hex            3%         N/A       47%         4
 Hailstorm                Conj/Ice       6%         3d4       47%         4
 Passage of Golubria      Tloc           N/A        N/A       47%         4
 Summon Ice Beast         Ice/Summ       6%         N/A       47%         4
 Summon Lightning Spire   Summ/Air       6%         N/A       47%         4
 Agony                    Necr           6%         N/A       82%         5
 Excruciating Wounds      Necr           3%         N/A       82%         5
 Lightning Bolt           Conj/Air       3%         1d14      82%         5
 Metabolic Englaciation   Hex/Ice        3%         N/A       82%         5
 Iron Shot                Conj/Erth      3%         9d2       100%        6
 Shadow Creatures         Summ           N/A        N/A       100%        6
 Simulacrum               Ice/Necr       3%         N/A       100%        6
 Ozocubu's Refrigeration  Ice            3%         4d5       100%        7
 Discord                  Hex            3%         N/A       100%        8


Dungeon Overview and Level Annotations

Branches:
Dungeon (15/15)            Temple (1/1) D:5            Lair (6/6) D:8
  Swamp (0/4) Lair:2       Spider (0/4) Lair:4        Slime (0/5) Lair:5
    Orc (2/2) D:10            Elf (2/3) Orc:2        Vaults (0/5) D:13
 Depths (0/5) D:15         Bailey (visited)         Gauntlet (visited)

Altars:
Ashenzari
Elyvilon
Gozag
Hepliaklqana
Kikubaaqudgha
Nemelex Xobeh
Okawaru
Sif Muna
Trog
Vehumet
Yredelemnul
Zin
Beogh
Jiyva

Shops:
D:6 *   D:7 [   Orc:2 [?[=

Portals:
Abyss: Lair:4
Trove: D:13 (give 7 potions of haste)

Annotations:
D:3 Jack47's ghost, weakling DrTm
D:4 exclusion: orc, Dowan; Duvessa
D:12 exclusion: boulder beetle
D:14 6 runed translucent doors
Lair:4 exclusion: downstairs, Kuerar's ghost, journeyman BaFi
Elf:2 3 runed translucent doors


Innate Abilities, Weirdness & Mutations

You have claws for hands.
You have a pair of large horns on your head.
You have sharp toenails.
Your demonic aura often causes spilled blood to erupt in flames.
You sometimes gain a little power by taking damage.


Message History

Okawaru accepts your kill. The +3 antimagic halberd hits you!
You feel your power leaking away.
Your Shields skill increases to level 7!
You scratch the +3 antimagic halberd but do no damage.
You headbutt the +3 antimagic halberd.
The +3 antimagic halberd is severely damaged.
The deep elf archer blinks!
The +3 antimagic halberd hits you!!
You feel your power leaking away.
You mangle the +3 antimagic halberd!!
The +3 antimagic halberd falls from the air.
Okawaru accepts your kill.
The deep elf archer unwields a +0 dagger.
The deep elf archer wields a +0 shortbow.
The deep elf archer shoots an arrow.
The arrow hits you!!
You focus on the pain.
You feel your power returning.
You are too injured to fight recklessly!
You see here a +3 antimagic halberd.
You are too injured to fight recklessly!
You are too injured to fight recklessly!
The deep elf archer shoots an arrow.
The arrow hits you!!
You focus on the pain.
You feel very mighty all of a sudden.
A deep elf pyromancer comes into view. It is wielding a +0 short sword.
The deep elf archer blinks!
The deep elf archer shoots an arrow.
The arrow hits you!
* * * LOW HITPOINT WARNING * * *
Found 28 bolts.
The deep elf pyromancer casts a spell.
You block the deep elf pyromancer's attack.
The fire elemental hits you. The fire elemental burns you!
* * * LOW HITPOINT WARNING * * *
You mangle the deep elf pyromancer!!
The deep elf pyromancer is severely wounded.
The deep elf pyromancer is engulfed in blazing flames.
The deep elf pyromancer completely misses you.
The deep elf archer shoots an arrow.
The arrow hits you!!
* * * LOW HITPOINT WARNING * * *
The fire elemental hits you. The fire elemental burns you!
You die...

#....[.#....#...
##..###.#..#####.
####...###......#...
#........###..#.#..#
#..))....###..#..>.#
#.........##..##.#.#
#.........e........#
#.E.......######'###
#.e@#....## ..#
#...####.# .. #...#
.# .# ##..+ .# .#
#..# .# .# ...# .#
.. ..(# .....


You could see a deep elf archer (repels missiles), a deep elf pyromancer and a
fire elemental (summoned).

Vanquished Creatures
  Jorgrun (Orc:1)
  Rupert (Lair:3)
  Agnes (D:14)
  An orc warlord (Orc:2)
  A deep elf sorcerer (Elf:1)
  A stone giant (D:15)
  The ghost of Enelaud the Devastator, a journeyman DECj of Vehumet (Elf:1)
  A deep elf demonologist (Elf:1)
  A minotaur (Gauntlet)
  Snorg (D:12)
  An ettin (Orc:1)
  A deep elf death mage (Elf:1)
  2 vault guards (D:13)
  12 hydras
  A centaur warrior (D:13)
  Erica (Lair:2)
  3 boulder beetles
  3 ogre magi (Orc:2)
  A death knight (D:10)
  9 dancing weapons
  5 two-headed ogres
  3 death yaks (Lair:6)
  3 tengu warriors
  Urug (D:10)
  An orc high priest (Elf:1)
  Nergalle (Lair:3)
  Sonja (Orc:2)
  12 spriggans
  4 deep elf knights
  7 deep elf archers
  20 deep elf pyromancers
  3 wizards
  A lindwurm (Lair:5)
  An orc knight (Bailey)
  6 cyclopes
  9 orc sorcerers
  2 wolf spiders (D:14)
  8 ugly things
  26 deep elf zephyrmancers
  2 oklob plants
  A manticore (D:11)
  A guardian serpent (Lair:5)
  28 elephants
  3 black mambas
  2 torpor snails (Gauntlet)
  2 gargoyles
  7 cane toads
  Psyche (D:9)
  3 rime drakes
  Maggie (D:10)
  9 komodo dragons
  2 freezing wraiths (D:15)
  A tengu conjurer (D:14)
  2 efreet (D:13)
  3 meliai
  4 trolls
  4 polar bears
  A jumping spider (D:14)
  A wind drake (shapeshifter) (D:13)
  6 hornets
  5 slime creatures (D:12)
  11 blink frogs
  A redback (D:14)
  3 vampires
  A wraith (D:10)
  48 yaks
  A tarantella (D:14)
  4 shadows
  A hog (shapeshifter) (D:12)
  8 water elementals
  3 wyverns
  6 basilisks
  3 fire elementals
  9 humans (D:13)
  13 vampire mosquitoes
  A swamp worm (Lair:2)
  9 wargs
  3 acid dragons
  14 water moccasins
  7 black bears
  29 orc warriors
  An ice beast (D:7)
  5 boggarts (Lair:6)
  13 ogres
  2 centaurs (D:9)
  A necrophage (D:6)
  33 wolves
  3 kobold brigands
  12 bullfrogs
  2 scorpions (D:4)
  A water moccasin zombie (D:5)
  A water moccasin skeleton (D:4)
  5 killer bees (D:9)
  4 wights (D:8)
  4 electric eels
  A vampire bat (Lair:1)
  5 howler monkeys
  5 centaur zombies
  3 quasits (D:3)
  17 orc priests
  4 hounds
  A centaur skeleton (D:4)
  30 orc wizards
  4 iguanas
  A hound skeleton (D:5)
  A howler monkey zombie (D:6)
  A gnoll (shapeshifter) (Elf:1)
  3 gnolls (D:5)
  6 adders
  3 shadow imps
  A white imp (D:8)
  4 ufetubi
  3 worms
  4 dart slugs
  78 orcs
  5 ball pythons
  4 endoplasms
  4 giant cockroaches
  4 hobgoblins
  9 jackals
  17 kobolds
  A quokka (D:2)
  12 bats
  3 frilled lizards
  10 goblins
  4 rats
  A bush (Lair:1)
758 creatures vanquished.

Vanquished Creatures (collateral kills)
  A water elemental (Elf:2)
  An orc priest (D:8)
  A goblin (D:10)
3 creatures vanquished.

Vanquished Creatures (others)
  A human (D:13)
  An orc warrior (Orc:2)
  An orc (Orc:2)
  A rat (D:3)
  39 fungi
  84 plants
127 creatures vanquished.

Grand Total: 888 creatures vanquished

Notes
Turn   | Place    | Note
-------+----------+-------------------------------------------
     0 | D:5      | Sharkman1231 the Demonspawn Delver began the quest for the
                  | Orb.
     0 | D:5      | Reached XP level 1. HP: 18/18 MP: 1/1
    43 | D:5      | Noticed a hound
    55 | D:5      | Found a staircase to the Ecumenical Temple.
    73 | Temple   | Entered the Ecumenical Temple
    78 | Temple   | Became a worshipper of Warmaster Okawaru
   140 | D:5      | Noticed an ogre
   160 | D:4      | Gained mutation: You have sharp toenails. [demonic
                  | ancestry]
   160 | D:4      | Reached XP level 2. HP: 11/24 MP: 2/2
   368 | D:4      | Noticed a scorpion
   763 | D:1      | Found a faded altar of an unknown god.
   953 | D:1      | Gained mutation: You have sharp fingernails. [demonic
                  | ancestry]
   953 | D:1      | Reached XP level 3. HP: 29/29 MP: 3/3
  1117 | D:1      | Reached skill level 1 in Invocations
  1357 | D:1      | Reached skill level 1 in Unarmed Combat
  1871 | D:2      | Identified 2 scrolls of acquirement
  1871 | D:2      | Acquired the ring of Rollo {Will+ rCorr}
  1874 | D:2      | Acquired a +3 quick blade
  2359 | D:2      | Reached XP level 4. HP: 35/35 MP: 5/5
  2670 | D:2      | Acquired a manual of Unarmed Combat
  3009 | D:3      | Found a transporter.
  3014 | D:3      | Noticed Jack47's ghost (weakling DrTm)
  3042 | D:3      | Found a transporter.
  4003 | D:3      | Reached skill level 1 in Short Blades
  4003 | D:3      | Reached skill level 2 in Unarmed Combat
  4127 | D:3      | Gained mutation: Your demonic aura sometimes causes spilled
                  | blood to erupt in flames. [demonic ancestry]
  4127 | D:3      | Reached XP level 5. HP: 24/41 MP: 6/6
  4140 | D:3      | Reached * piety under Okawaru
  4367 | D:4      | Reached skill level 3 in Unarmed Combat
  4379 | D:4      | Reached XP level 6. HP: 27/48 MP: 6/8
  4632 | D:4      | Found a sparkling altar of Nemelex Xobeh.
  5361 | D:4      | Reached skill level 4 in Unarmed Combat
  5557 | D:4      | Noticed Duvessa
  5557 | D:4      | Noticed Dowan
  6018 | D:5      | Reached skill level 1 in Armour
  6018 | D:5      | Gained mutation: You have a pair of small horns on your
                  | head. [demonic ancestry]
  6018 | D:5      | Reached XP level 7. HP: 54/54 MP: 6/9
  6183 | D:5      | Reached ** piety under Okawaru
  6260 | D:5      | Reached skill level 5 in Unarmed Combat
  7017 | D:5      | Reached XP level 8. HP: 61/61 MP: 11/11
  7055 | D:6      | Found Wojo's General Store.
  7061 | D:6      | Bought a wand of paralysis (11) for 143 gold pieces
  7061 | D:6      | Bought a scroll of identify for 22 gold pieces
  7104 | D:6      | Reached skill level 1 in Evocations
  7333 | D:6      | Reached skill level 6 in Unarmed Combat
  7614 | D:7      | Noticed a two-headed ogre
  7653 | D:7      | Found Athael's Armour Shop.
  7908 | D:7      | Identified the +0 robe of Kulach {Str+4}
  8136 | D:7      | Killed a two-headed ogre
  8136 | D:7      | Reached *** piety under Okawaru
  8136 | D:7      | Reached **** piety under Okawaru
  8137 | D:7      | Reached skill level 5 in Fighting
  8137 | D:7      | Reached skill level 5 in Short Blades
  8137 | D:7      | Reached skill level 7 in Unarmed Combat
  8137 | D:7      | Reached skill level 5 in Invocations
  8137 | D:7      | Gained mutation: You have a pair of horns on your head.
                  | [demonic ancestry]
  8137 | D:7      | Reached XP level 9. HP: 63/68 MP: 12/12
  8624 | D:7      | Noticed a death knight
  8822 | D:7      | Noticed a green ugly thing
  9282 | D:7      | Killed a green ugly thing
  9557 | D:8      | Reached skill level 8 in Unarmed Combat
 10069 | D:8      | Found a staircase to the Lair.
 10314 | D:9      | Noticed Psyche
 10316 | D:9      | Noticed a two-headed ogre
 10321 | D:9      | Killed Psyche
 10321 | D:9      | Reached ***** piety under Okawaru
 10348 | D:9      | Killed a two-headed ogre
 10349 | D:9      | Gained mutation: You have very sharp fingernails. [demonic
                  | ancestry]
 10349 | D:9      | Reached XP level 10. HP: 40/76 MP: 14/14
 10538 | D:9      | Reached skill level 5 in Evocations
 10755 | D:9      | Reached skill level 9 in Unarmed Combat
 10945 | D:9      | Reached skill level 5 in Dodging
 11394 | D:10     | Entered Level 10 of the Dungeon
 11407 | D:10     | Noticed a death knight
 11407 | D:10     | Noticed a two-headed ogre
 11511 | D:9      | HP: 2/76 [vampire mosquito (9)]
 11518 | D:9      | HP: 3/114 [vampire mosquito (4)]
 11894 | D:10     | Received a gift from Okawaru
 11949 | D:10     | Found a staircase to the Orcish Mines.
 12659 | D:10     | Reached skill level 10 in Unarmed Combat
 13231 | D:10     | Killed a death knight
 13232 | D:10     | Gained mutation: Your demonic aura often causes spilled
                  | blood to erupt in flames. [demonic ancestry]
 13232 | D:10     | Reached XP level 11. HP: 83/83 MP: 16/16
 13384 | D:10     | Noticed Maggie
 13386 | D:10     | Noticed Urug
 13527 | D:10     | Killed Urug
 13527 | D:10     | Reached ****** piety under Okawaru
 13528 | D:10     | Reached skill level 5 in Armour
 13528 | D:10     | Reached skill level 11 in Unarmed Combat
 13729 | D:10     | Killed a two-headed ogre
 13729 | D:10     | Received a gift from Okawaru
 13938 | D:10     | Found a staircase to the Orcish Mines.
 14033 | D:10     | Killed Maggie
 14475 | D:11     | Noticed a six-headed hydra
 14560 | D:11     | Noticed a two-headed ogre
 14567 | D:11     | Killed a two-headed ogre
 14614 | D:11     | Noticed a boulder beetle
 15011 | D:11     | Noticed a wizard
 15028 | D:11     | Killed a wizard
 15088 | D:11     | Learned a level 5 spell: Blade Hands
 15102 | D:11     | Reached skill level 12 in Unarmed Combat
 15219 | D:11     | Killed a six-headed hydra
 15219 | D:11     | Received a gift from Okawaru
 15332 | D:11     | Noticed a four-headed hydra
 15342 | D:11     | Killed a four-headed hydra
 16156 | D:12     | Noticed a boulder beetle
 16308 | D:12     | Noticed a red ugly thing
 16318 | D:12     | Killed a red ugly thing
 16460 | D:12     | Noticed a boulder beetle
 16464 | D:12     | Killed a boulder beetle
 16464 | D:12     | Received a gift from Okawaru
 16465 | D:12     | Gained mutation: You sometimes gain a little power by
                  | taking damage. [demonic ancestry]
 16465 | D:12     | Reached XP level 12. HP: 92/92 MP: 18/18
 17768 | D:12     | Noticed Snorg
 17772 | D:12     | Acquired the ring "Deorur" {rPois Int+6}
 17786 | D:12     | Killed Snorg
 17787 | D:12     | Reached skill level 13 in Unarmed Combat
 18299 | D:13     | Found a portal to a secret trove of treasure.
 18592 | D:13     | Received a gift from Okawaru
 18710 | D:13     | Noticed a vault guard
 18729 | D:13     | Killed a vault guard
 18736 | D:13     | Reached skill level 14 in Unarmed Combat
 18747 | D:13     | Noticed a vault guard
 18763 | D:13     | Killed a vault guard
 18792 | D:13     | Found a gate to the Vaults.
 18872 | D:13     | Noticed a centaur warrior
 18881 | D:13     | Killed a centaur warrior
 18881 | D:13     | Identified the +7 great mace of the Warrior-Mage {flame,
                  | Fly rC+ Will+} (Okawaru gifted it to you on level 13 of the
                  | Dungeon)
 18881 | D:13     | Received a gift from Okawaru
 18997 | D:13     | Reached XP level 13. HP: 79/103 MP: 16/19
 19080 | D:13     | Reached skill level 10 in Fighting
 19202 | D:13     | Identified the +7 long sword of Untruth {speed, rElec}
 19418 | D:14     | Found a flagged portal.
 19440 | Bailey   | Entered a bailey
 19823 | Bailey   | Reached skill level 15 in Unarmed Combat
 20215 | D:14     | Received a gift from Okawaru
 20495 | D:14     | Noticed Agnes
 20505 | D:14     | Killed Agnes
 20575 | D:14     | Reached skill level 5 in Stealth
 20765 | D:14     | Reached skill level 1 in Shields
 21194 | D:14     | Found a runed translucent door.
 21194 | D:14     | Found the +6 shillelagh "Devastator" {shatter}
 21447 | D:14     | Found a runed translucent gate.
 21447 | D:14     | Found a runed translucent gate.
 21447 | D:14     | Found a runed translucent gate.
 21447 | D:14     | Found a runed translucent gate.
 21448 | D:14     | Found a runed translucent gate.
 21450 | D:14     | Found a runed translucent gate.
 21555 | D:15     | Entered Level 15 of the Dungeon
 21635 | D:15     | Reached skill level 16 in Unarmed Combat
 21675 | D:15     | Found a gate leading to a gauntlet.
 21684 | Gauntlet | Entered a Gauntlet
 21684 | Gauntlet | Found a transporter.
 21684 | Gauntlet | Found a transporter.
 21684 | Gauntlet | Found a transporter.
 21685 | Gauntlet | Found a transporter.
 21688 | Gauntlet | Found a transporter.
 21698 | Gauntlet | Found a transporter.
 21763 | Gauntlet | Found a transporter.
 21773 | Gauntlet | Found a transporter.
 21788 | Gauntlet | Found a transporter.
 21800 | Gauntlet | Found a transporter.
 21813 | Gauntlet | Found a transporter.
 21819 | Gauntlet | Found a transporter.
 22007 | Gauntlet | Gained mutation: You have claws for hands. [demonic
                  | ancestry]
 22007 | Gauntlet | Reached XP level 14. HP: 97/110 MP: 14/20
 22016 | Gauntlet | Received a gift from Okawaru
 22177 | Gauntlet | Identified the +2 ring mail "Atrereg" {rPois}
 22177 | Gauntlet | Identified the +12 quarterstaff of Conflict {holy, rElec
                  | rC++ Str+4 Stlth+}
 22841 | D:15     | Found a staircase to the Depths.
 22841 | D:15     | Noticed a stone giant
 22848 | D:15     | Killed a stone giant
 23076 | Lair:1   | Entered Level 1 of the Lair of Beasts
 23929 | Lair:1   | Reached skill level 17 in Unarmed Combat
 24372 | Lair:2   | Noticed Erica
 24379 | Lair:2   | Killed Erica
 24804 | Lair:2   | Received a gift from Okawaru
 24896 | Lair:2   | Found a staircase to the Swamp.
 25111 | Lair:3   | Noticed Nergalle
 25129 | Lair:3   | Killed Nergalle
 25500 | Lair:3   | Reached skill level 1 in Spellcasting
 25500 | Lair:3   | Reached skill level 1 in Transmutations
 25584 | Lair:3   | Noticed Rupert
 25601 | Lair:3   | Killed Rupert
 25910 | Lair:4   | Found a hole to the Spider Nest.
 26281 | Lair:4   | Found a transporter.
 26363 | Lair:4   | Identified the ring "Muakafid" {Fly Will+}
 26387 | Lair:4   | Found a transporter.
 26495 | Lair:4   | Found a one-way gate to the infinite horrors of the Abyss.
 26495 | Lair:4   | Noticed Kuerar's ghost (journeyman BaFi)
 26622 | Lair:4   | Reached XP level 15. HP: 23/115 MP: 3/21
 27325 | Lair:5   | Found a viscous altar of Jiyva.
 27325 | Lair:5   | Found a staircase to the Slime Pits.
 27381 | Lair:5   | Identified the +1 scale mail of Winofi {rN++} (Okawaru
                  | gifted it to you on level 5 of the Lair of Beasts)
 27381 | Lair:5   | Received a gift from Okawaru
 27787 | Lair:5   | Found the +3 pair of seven-league boots {Rampage+∞}
 28213 | Lair:5   | Acquired a manual of Shields
 28449 | Lair:6   | Entered Level 6 of the Lair of Beasts
 30264 | Lair:6   | Reached skill level 5 in Transmutations
 30269 | Lair:6   | Reached skill level 5 in Spellcasting
 30336 | Lair:6   | Identified the ring of Nenibina {Wiz rC+ Str-5 Dex+3
                  | Slay+5}
 30482 | Lair:6   | Reached skill level 10 in Stealth
 31130 | Orc:1    | Entered Level 1 of the Orcish Mines
 31144 | Orc:1    | Received a gift from Okawaru
 31932 | Orc:1    | Reached skill level 18 in Unarmed Combat
 32401 | Orc:1    | Noticed Jorgrun
 32416 | Orc:1    | Killed Jorgrun
 33143 | Orc:2    | Entered Level 2 of the Orcish Mines
 33143 | Orc:2    | Noticed an orc warlord
 33149 | Orc:1    | Gained mutation: You have a pair of large horns on your
                  | head. [demonic ancestry]
 33149 | Orc:1    | Reached XP level 16. HP: 122/122 MP: 25/25
 33885 | Orc:2    | Noticed Sonja
 33899 | Orc:2    | Killed Sonja
 34640 | Orc:2    | Found a staircase to the Elven Halls.
 34686 | Orc:2    | Found Xaulliost's Magic Scroll Boutique.
 34812 | Orc:2    | Bought a scroll of teleportation for 42 gold pieces
 34812 | Orc:2    | Bought 2 scrolls of teleportation for 84 gold pieces
 34812 | Orc:2    | Bought a scroll of magic mapping for 49 gold pieces
 34854 | Orc:2    | Found an ancient bone altar of Kikubaaqudgha.
 34858 | Orc:2    | Found Xyanuneh's Antique Armour Boutique.
 34893 | Orc:2    | Found a radiant altar of Vehumet.
 34984 | Orc:2    | Found Sathraota's Antique Armour Shop.
 35284 | Orc:2    | Found Maothul's Jewellery Boutique.
 35623 | Elf:1    | Entered Level 1 of the Elven Halls
 35881 | Elf:1    | Received a gift from Okawaru
 35992 | Elf:1    | Got the Volume of Creative Conjuration
 36177 | Elf:1    | Found a runed translucent door.
 36177 | Elf:1    | Noticed Enelaud's ghost (journeyman DECj)
 36189 | Elf:1    | Killed Enelaud's ghost
 36204 | Elf:1    | Found a shimmering blue altar of Sif Muna.
 36257 | Elf:1    | Reached skill level 5 in Shields
 36813 | Elf:1    | Noticed a Brimstone Fiend
 37059 | Elf:1    | Acquired 863 gold pieces
 37442 | Elf:1    | HP: 5/122 [+1 vampiric glaive (23)]
 37849 | Elf:2    | Found a runed translucent gate.
 37876 | Elf:2    | Found a runed translucent gate.
 37876 | Elf:2    | Found a runed translucent gate.
 38231 | Elf:2    | Received a gift from Okawaru
 38574 | Elf:2    | HP: 1/122 [deep elf archer/arrow (20)]
 38574 | Elf:2    | Mangled by a fire elemental

Illustrated notes

Levels and vault maps discovered:
D:1:      tarquinn_simple_flora_water_a, layout_loops_ring, serial_glass,
          glass_columns_a, glass_columns_a, basic_ecumenical_altar
D:2:      layout_basic, hangedman_decor_clover_reticule, grunt_ministairs_3,
          minmay_cupped
D:3:      layout_loops_ring, gammafunk_ghost_stat_death, lemuel_old_faithful
D:4:      layout_rooms, nemelex_altar_shiori, uniq_duvessa
D:5:      minmay_skewed_foursquare, layout_basic, minmay_temple_entry_arrows
D:6:      layout_cave_pools, serial_shops, nicolae_shop_crystal
D:7:      layout_rooms, serial_shops, shop, minmay_three_doors
D:8:      layout_rooms, dpeg_oklobed_lair
D:9:      layout_rooms, grunt_decor_mini_mirrors, uniq_psyche
D:10:     layout_grid_maze, erik_orc_4, minmay_misc_feat_square,
          minmay_ruined_shrine, uniq_maggie, uniq_urug
D:11:     layout_loops_corners, minmay_misc_feat_pillars, minmay_librarian
D:12:     layout_grid_maze, minmay_variable_closet, uniq_snorg
D:13:     minmay_elf_outpost, layout_irregular_city, ximxim_vaults_locker_room,
          nicolae_trove_entry_crossroad
D:14:     gammafunk_indiana_jones, layout_basic, minmay_holes, enter_bailey_5,
          uniq_agnes
D:15:     grunt_enter_depths_snipers, layout_basic, gauntlet_entry_generic
Temple:   compressed_dpeg_triangle_lava_temple
Lair:1:   layout_cave_pods, chequers_serial_rivers_marsh,
          minmay_lair_oklob_bushes, roderic_batcave, grunt_forest_stairs_basic,
          grunt_forest_small_clearing_treed
Lair:2:   layout_regular_city, palyth_hydra_swamp_entry, beast_lair_carwin_11,
          uniq_erica
Lair:3:   layout_roguey, serial_bayou_crossing, uniq_rupert, uniq_nergalle
Lair:4:   layout_roguey, dummy_spider_entry, gammafunk_ghost_abyssal_escape,
          st_stairs_12
Lair:5:   layout_cave_pods, slime_altar_1,
          hellmonk_guarded_unrand_seven_league_boots
Lair:6:   minmay_lair_end_enchanted_forest, layout_loops_ring,
          serial_bayou_lagoon_a, infiniplex_staircase_pool
Orc:1:    layout_caves, elves_outpost_lemuel, uniq_jorgrun
Orc:2:    kennysheep_orc_mage_school, layout_caves, mines1_david, uniq_sonja
Elf:1:    nicolae_elf_arrival_fired_up, layout_loops_corners,
          gammafunk_ghost_grave, basic_altar, minmay_elf_sorcery
Elf:2:    elven_hall_of_blades_hangedman_original
          [nicolae_blade_entry_area_security], layout_loops_corners,
          ebering_ghost_reflecting_pool, corexii_checkpoint_b, st_stairs_7,
          nicolae_shop_sticking_my_neck_out, lemuel_elevator

Skill      XL: |  1  2  3  4  5  6  7  8  9 10 11 12 13 14 15 16 |
---------------+-------------------------------------------------+-----
Dodging        | 2 3 4 5 7 8 |  8.0
Invocations    | 1 2 3 4 5 6 7 8 |  8.0
Unarmed Combat | 1 2 3 4 5 7 8 10 12 14 16 17 18 | 18.8
Short Blades   | 1 2 3 5 6 |  6.1
Fighting       | 4 5 6 8 9 10 | 10.0
Armour         | 1 2 3 4 6 |  6.0
Evocations     | 3 4 6 |  6.0
Stealth        | 5 8 10 | 10.0
Shields        | 4 7 |  7.0
Spellcasting   | 2 6 |  6.0
Transmutations | 2 6 9 |  9.0
Maces & Flails | |  1.8

Action                   |  1- 3 |  4- 6 |  7- 9 | 10-12 | 13-15 | 16-18 || total
-------------------------+-------+-------+-------+-------+-------+-------++-------
Melee: Mace              |    29 |       |       |       |       |       ||    29
       Kick              |    21 |       |       |       |       |       ||    21
       Unarmed           |    41 |       |    41 |   418 |  1014 |   290 ||  1804
       Quick blade       |    20 |   201 |   290 |    13 |    22 |       ||   546
       Punch             |       |     2 |    14 |    20 |     8 |       ||    44
       Headbutt          |       |       |    65 |    94 |   209 |    62 ||   430
       Scimitar          |       |       |       |       |    27 |       ||    27
Throw: Boomerang         |     1 |     3 |       |       |     3 |       ||     7
Invok: Heroism           |       |     2 |     8 |    12 |    15 |     1 ||    38
Evoke: Wand              |       |       |    26 |    32 |    11 |     7 ||    76
  Use: Potion            |     2 |     2 |       |     2 |     2 |     1 ||     9
       Scroll            |     4 |     3 |    10 |    11 |    18 |     2 ||    48
 Stab: Sleeping          |     7 |     6 |     3 |     5 |    31 |    11 ||    63
       Distracted        |     1 |       |       |     1 |     2 |     1 ||     5
       Paralysed         |       |       |    11 |     9 |       |       ||    20
Armor: Leather armour    |    17 |    71 |       |       |       |       ||    88
       Ring mail         |       |     9 |    63 |    87 |       |       ||   159
       Skin              |       |       |       |     7 |       |       ||     7
       Acid dragon scale |       |       |       |    21 |    13 |    54 ||    88
       Steam dragon scal |       |       |       |     2 |       |       ||     2
       Troll leather arm |       |       |       |    19 |   129 |       ||   148
       Scale mail        |       |       |       |       |   115 |       ||   115
Dodge: Dodged            |    45 |   126 |   145 |   246 |   675 |   129 ||  1366
Block: Buckler           |       |       |       |       |   208 |    69 ||   277
       Rpst.: Scimitar   |       |       |       |       |     4 |       ||     4
